 Dungeon Crawl Stone Soup version 0.26-a0-572-g753d7e3450 (webtiles) character file.

Game seed: 15405074786495252973

53 Descartes the Ducker (level 3, -2/16 HPs)
             Began as a Felid Warper on Aug 21, 2020.
             Slain by an orc wizard
             ... wielding a +0 dagger
              (4 damage)
             ... on level 3 of the Dungeon.
             The game lasted 00:04:36 (3566 turns).

Descartes the Ducker (Felid Warper)                 Turns: 3566, Time: 00:04:36

Health: -2/16      AC:  1    Str:  8    XL:     3   Next: 62%
Magic:  7/7        EV: 20    Int: 14    God:
Gold:   87         SH:  0    Dex: 15    Spells: 1/6 levels left
                                        Lives:  0   Deaths: 1

rFire    . . .     SeeInvis +     - Unarmed
rCold    . . .     Faith    .   (shield unavailable)
rNeg     . . .     Spirit   .   (armour unavailable)
rPois    .         Reflect  .   (helmet unavailable)
rElec    .         Harm     .   (cloak unavailable)
rCorr    .                      (gloves unavailable)
MR       .....                  (boots unavailable)
Stlth    +++.......             (no amulet)
HPRegen  0.05/turn              (no ring)
MPRegen  0.10/turn              (no ring)

@: quick
A: very small, no armour, no weapons or thrown items, stealth, antennae 1, claws
1, fangs 3, see invisible, speed 1, shaggy fur 1, evolution 1, sharp paws
a: no special abilities


You were on level 3 of the Dungeon.
You visited 1 branch of the dungeon, and saw 3 of its levels.

You collected 87 gold pieces.

Inventory:

Missiles
 a - 127 stones
 d - 16 arrows
Scrolls
 b - a scroll of blinking
 c - 2 scrolls of remove curse
 f - 2 scrolls of fog {unknown}
 i - a scroll of random uselessness {unknown}
 k - 2 scrolls of fear {unknown}
 m - a scroll of enchant weapon {unknown}
Potions
 g - a potion of lignification
 h - 2 potions of flight
 j - a potion of heal wounds


   Skills:
 - Level 2.0 Fighting
 + Level 4.6 Dodging
 + Level 3.4 Stealth
 + Level 3.2 Unarmed Combat
 - Level 2.0 Spellcasting
 - Level 4.4 Translocations


You had one spell level left.
You knew the following spells:

 Your Spells              Type           Power        Failure   Level
a - Blink                 Tloc           N/A          6%          2
b - Teleport Other        Tloc           ##......     12%         3

Your spell library contained the following spells:

 Spells                   Type           Power        Failure   Level
 Gell's Gravitas          Tloc           ##........   12%         3
 Lesser Beckoning         Tloc           ##........   12%         3
 Passage of Golubria      Tloc           N/A          36%         4


Dungeon Overview and Level Annotations

Branches:
Dungeon (3/15)

Altars:
Ashenzari
Kikubaaqudgha
Okawaru
The Shining One

Annotations:
D:2 1 runed translucent door, 2 transporters, Crazy Yiuf
D:3 Purgy


Innate Abilities, Weirdness & Mutations

You cannot wear armour.
You are incapable of wielding weapons or throwing items.
Your paws allow you to move quietly. (Stealth)
You have sharp claws.
You have razor-sharp teeth.
You have supernaturally acute eyesight. (SInv)
You cover ground quickly.
You are covered in fur. (AC +1)
Your sharp claws are effective at attacking unaware monsters.
You have a pair of small antennae on your head.
You evolve.


Message History

Found 16 gold pieces, a square beryl amulet and a cyan potion.
You barely miss the orc wizard.
The orc shouts!
The orc wizard hits you with a +0 dagger.
You closely miss the orc wizard. The orc wizard completely misses you.
You closely miss the orc wizard. The orc wizard barely misses you.
You barely miss the orc wizard.
The orc wizard hits you with a +0 dagger.
You scratch the orc wizard.
The orc wizard is lightly wounded.
The orc wizard gestures at you while chanting.
The magic dart hits you.
* * * LOW HITPOINT WARNING * * *
You scratch the orc wizard but do no damage.
The orc wizard is lightly wounded.
The orc wizard completely misses you.
You closely miss the orc wizard.
The orc wizard is lightly wounded.
The orc wizard hits you with a +0 dagger.
You die...

#### ##### .....
###...#######o."...
#.+...'....@ooo....
#.#...#######o.....
#.#...# !....
#.#...# ####
#.#...# #.#...#
#.....# #....##
#....# #####


You could see an orc wizard and 4 orcs.

Vanquished Creatures
  Natasha (D:2)
  3 adders
  An ooze (D:1)
  A dart slug (D:1)
  A leopard gecko (D:1)
  3 giant cockroaches (D:1)
  8 hobgoblins
  2 jackals (D:1)
  2 ball pythons
  11 bats
  2 frilled lizards
  5 goblins
  4 kobolds (D:1)
  7 rats
51 creatures vanquished.

Notes
Turn   | Place    | Note
-------+----------+-------------------------------------------
     0 | D:1      | Descartes the Felid Warper began the quest for the Orb.
     0 | D:1      | Reached XP level 1. HP: 9/9 MP: 4/4
   321 | D:1      | Reached skill level 1 in Stealth
   603 | D:1      | Reached XP level 2. HP: 7/13 MP: 6/6
   985 | D:1      | Reached XP level 3. HP: 6/16 MP: 7/7
  1403 | D:2      | Found a shattered altar of Ashenzari.
  1546 | D:2      | Noticed Natasha
  1556 | D:2      | Killed Natasha
  1556 | D:2      | Reached XP level 4. HP: 2/19 MP: 8/8
  1873 | D:2      | Learned a level 2 spell: Blink
  1944 | D:2      | Found an iron altar of Okawaru.
  1947 | D:2      | Found a glowing golden altar of the Shining One.
  2077 | D:2      | Found an ancient bone altar of Kikubaaqudgha.
  2285 | D:2      | Found a runed translucent door.
  2286 | D:2      | Noticed Crazy Yiuf
  2376 | D:2      | Found a transporter.
  2383 | D:2      | Found a transporter.
  2533 | D:3      | Learned a level 3 spell: Teleport Other
  2827 | D:3      | Gained mutation: You evolve. [potion of mutation]
  2827 | D:3      | Gained mutation: You have a pair of small antennae on your
                  | head. [potion of mutation]
  2833 | D:3      | Noticed Purgy
  3511 | D:3      | Slain by Purgy
  3512 | D:3      | Reached XP level 3. HP: -1/16 MP: 7/7
  3566 | D:3      | Slain by an orc wizard

Illustrated notes

Levels and vault maps discovered:
D:1:      nzn_arrival_settlement, layout_basic, minmay_vboxes
D:2:      layout_loops_corners, gammafunk_temple_overflow_arena,
          evilmike_ruin_ashenzari, kiku_gazebo_garden_becter,
          uniq_crazy_yiuf_cottage, uniq_natasha
D:3:      layout_basic, lemuel_round_altar, minmay_rat_hole, uniq_purgy

Skill      XL: |  1  2  3  4 |
---------------+-------------+-----
Stealth        | 1 2 3 |  3.4
Dodging        | 4 |  4.6
Unarmed Combat | 3 |  3.2
Fighting       | |  2.0
Spellcasting   | |  2.0
Translocations | |  4.4

Action                   |  1- 3 |  4- 6 || total
-------------------------+-------+-------++-------
Melee: Unarmed           |   119 |    59 ||   178
       Bite              |     5 |     4 ||     9
  Use: Scroll            |       |     4 ||     4
       Potion            |       |     4 ||     4
 Stab: Sleeping          |     6 |     4 ||    10
Armor: Skin              |    11 |     8 ||    19
Dodge: Dodged            |   135 |    86 ||   221

Table legend: (Time is in decaauts)
 A = Elapsed time spent in this place.
 B = Non-inter-level travel time spent in this place.
 C = Inter-level travel time spent in this place.
 D = Time resting spent in this place.
 E = Time spent auto-exploring this place.
 F = Levels seen in this place.
 G = Mean time per level.
                   A        B        C        D        E       F      G
               +--------+--------+--------+--------+--------+-----+--------+
         Total |   3197 |   3126 |     71 |      0 |   2683 |   3 | 1065.7 |
       Dungeon |   3197 |   3126 |     71 |      0 |   2683 |   3 | 1065.7 |
               +--------+--------+--------+--------+--------+-----+--------+

Top non-repeatable levels by time:
     D:2: 1315 daAuts
     D:1: 1214 daAuts
     D:3: 666 daAuts
